 Dungeon Crawl Stone Soup version 0.30-a0-900-g23479c02f2 (webtiles) character file.

Game seed: 11947423309512909361

62390 Pooter the Marksminotaur (level 14, -2/193 HPs)
             Began as a Minotaur Berserker on Mar 18, 2023.
             Was a High Priest of Trog.
             Killed by an exploding orc warrior (5 damage)
             ... ignited by their inner flame
             ... on level 2 of the Orcish Mines on Mar 19, 2023.
             The game lasted 01:51:10 (17489 turns).

Pooter the Marksminotaur (Minotaur Berserker)      Turns: 17489, Time: 01:51:11

Health: -2/193     AC: 22    Str: 33    XL:     14   Next: 64%
Magic:  13/13      EV: 14    Int: 11    God:    Trog [*****.]
Gold:   1992       SH:  0    Dex: 12    Spells: 13/13 levels left

rFire   + + .      SeeInvis .    a - +1 dire flail (elec)
rCold   . . .      Faith    .    (shield currently unavailable)
rNeg    + . .      Spirit   .    h - +7 chain mail "Veoman" {-Tele Fly Str+2 Int+2}
rPois   .          Reflect  .    X - +1 hat {Stlth+}
rElec   .          Rampage  .    m - +2 cloak "Uczoat" {rF++ Int+3}
rCorr   .          NoTele   +    V - +0 pair of gloves
Will    +++..                    Y - +0 pair of boots Stlth
                                 p - amulet of regeneration
HPRegen 2.32/turn                N - ring "Vaja" {Fly rN+ Str+6 Int+2}
MPRegen 0.13/turn                d - +5 ring of evasion

@: berserking, strong-willed, spiked, flying, regenerating, very quick
A: horns 2, retaliatory headbutt
a: Renounce Religion, Berserk, Trog's Hand, Brothers in Arms


You were on level 2 of the Orcish Mines.
You worshipped Trog.
Trog was extremely pleased with you.
You visited 3 branches of the dungeon, and saw 18 of its levels.
You also visited: Gauntlet and Volcano.

You collected 1992 gold pieces.

Inventory:

Hand Weapons
 a - a +1 dire flail of electrocution (weapon)
   (You took it off an orc warrior on level 6 of the Dungeon)
 b - a +0 arbalest of freezing
   (You took it off an orc warrior on level 1 of the Orcish Mines)
 i - a +0 heavy halberd
   (You took it off a gnoll on level 9 of the Dungeon)
 k - a +1 battleaxe of flaming
   (You found it in a volcano)
 W - a +5 spear of venom
   (You took it off a gnoll sergeant on level 10 of the Dungeon)
Missiles
 c - 34 poisoned darts (quivered)
 s - 3 atropa-tipped darts
 C - 3 javelins
 D - 4 boomerangs
 H - 2 curare-tipped darts
Armour
 h - the +7 chain mail "Veoman" (worn) {-Tele Fly Str+2 Int+2}
   (You found it on level 2 of the Lair of Beasts)

   Str:       It affects your strength (+2).
   Int:       It affects your intelligence (+2).
   Fly:       It grants you flight.
   -Tele:     It prevents most forms of teleportation.
 m - the +2 cloak "Uczoat" (worn) {rF++ Int+3}
   (You found it in a Gauntlet)

   Int:       It affects your intelligence (+3).
   rF:        It greatly protects you from fire.
 A - a +3 plate armour of fire resistance
   (You found it in a volcano)
 V - a +0 pair of gloves (worn)
   (You found it on level 9 of the Dungeon)
 X - a +1 hat of stealth (worn)
   (You took it off Gastronok on level 1 of the Lair of Beasts)
 Y - a +0 pair of boots (worn)
   (You found it on level 1 of the Lair of Beasts)
Jewellery
 d - a +5 ring of evasion (right hand)
   (You found it on level 1 of the Dungeon)
 p - an amulet of regeneration (around neck)
   (You found it on level 4 of the Dungeon)
 G - an amulet of guardian spirit
   (You found it on level 9 of the Dungeon)
 N - the ring "Vaja" (left hand) {Fly rN+ Str+6 Int+2}
   (You found it in a Gauntlet)

   [ring of strength]

   Str:       It affects your strength (+6).
   Int:       It affects your intelligence (+2).
   rN:        It protects you from negative energy.
   Fly:       It grants you flight.
 P - a ring of poison resistance
   (You found it on level 1 of the Dungeon)
 U - a ring of willpower
   (You found it on level 8 of the Dungeon)
Wands
 f - a wand of flame (23)
   (You found it on level 6 of the Dungeon)
 j - a wand of roots (12)
   (You found it on level 1 of the Lair of Beasts)
 u - a wand of paralysis (12)
   (You found it on level 8 of the Dungeon)
 K - a wand of polymorph (20)
   (You found it on level 7 of the Dungeon)
 O - a wand of quicksilver (17)
   (You found it on level 8 of the Dungeon)
 T - a wand of mindburst (4)
   (You found it on level 4 of the Dungeon)
Scrolls
 e - a scroll of blinking
 n - a scroll of silence
 o - a scroll of brand weapon
 t - 4 scrolls of fog
 y - 2 scrolls of noise {!r}
 z - a scroll of immolation {!r}
 I - 10 scrolls of teleportation {unknown}
 M - a scroll of magic mapping
 Q - a scroll of poison {!r}
 R - 4 scrolls of butterflies
 S - 4 scrolls of fear
Potions
 g - 4 potions of heal wounds {@q2}
 l - 2 potions of flight {unknown}
 q - 2 potions of lignification {!q}
 r - a potion of might
 v - a potion of resistance {unknown}
 w - 3 potions of haste {@q3}
 x - a potion of berserk rage {unknown}
 B - 3 potions of magic {unknown}
 E - 4 potions of curing {@q1}
 F - 4 potions of attraction {!q}
 J - 3 potions of cancellation
 L - 2 potions of degeneration {unknown}
Miscellaneous
 Z - a phantom mirror
   (You found it on level 1 of the Lair of Beasts)


   Skills:
 + Level 13.6 Fighting
 - Level 12.9(15.5) Axes
 * Level 14.2(16.2) Maces & Flails
 * Level 16.4 Ranged Weapons
 - Level 2.4 Armour
 - Level 2.1 Dodging
 + Level 8.9 Evocations


You had 13 spell levels left.
You didn't know any spells.
Your spell library was empty.

Dungeon Overview and Level Annotations

Branches:
Dungeon (11/15)            Temple (0/1) D:7            Lair (5/5) D:9
  Swamp (0/4) Lair:2       Spider (0/4) Lair:2        Slime (0/5) Lair:5
    Orc (2/2) D:11            Elf (0/3) Orc:2       Volcano (visited)
Gauntlet (visited)

Altars:
Dithmenos
Fedhas
Hepliaklqana
Ru
Uskayaw
Vehumet
The Shining One
Jiyva
Lugonu

Shops:
D:1 (   Orc:2 [(

Portals:
Abyss: Lair:5

Annotations:
Lair:2 2 runed translucent doors, Parcival's ghost, journeyman MiFi
Orc:2 Saint Roka


Innate Abilities, Weirdness & Mutations

You have a pair of horns on your head.
You reflexively headbutt those who attack you in melee.


Message History

Flame seeps out of the orc warrior.
Your headbutt misses the orc warrior. The warg closely misses you.
The orc warrior barely misses you. You furiously retaliate!
You headbutt the orc warrior!! Trog accepts your kill.
The orc warrior explodes!
The fiery explosion engulfs the orc warrior!!!
Trog accepts your kill.
The fiery explosion engulfs the warg!!
Trog accepts your kill. The fiery explosion engulfs you! You resist.
* * * LOW HITPOINT WARNING * * *
The warg explodes!
The fiery explosion engulfs you. You resist.
* * * LOW HITPOINT WARNING * * *
The orc warrior explodes!
The fiery explosion engulfs you! You resist.
* * * LOW HITPOINT WARNING * * *
The fiery explosion engulfs the orc warrior!
Flame seeps out of the orc warrior.
The fiery explosion engulfs the orc warrior!!
Trog accepts your kill.
The orc warrior explodes!
The fiery explosion engulfs the orc!
Trog accepts your kill.
The fiery explosion engulfs the orc warrior!!
Trog accepts your kill.
The fiery explosion engulfs the orc warrior!!
Trog accepts your kill. The fiery explosion engulfs you. You resist.
* * * LOW HITPOINT WARNING * * *
The fiery explosion engulfs the ogre!!!
Trog accepts your kill.
The fiery explosion engulfs the orc!!!
Trog accepts your kill.
The orc explodes!
The fiery explosion engulfs the orc warrior.
Flame seeps out of the orc warrior.
The fiery explosion engulfs the orc warrior!!!
Trog accepts your kill.
The orc warrior explodes!
The ogre explodes!
The fiery explosion engulfs Saint Roka!!!
Flame seeps out of Saint Roka.
The fiery explosion engulfs the orc warrior!
Flame seeps out of the orc warrior.
The orc warrior explodes!
The fiery explosion engulfs you! You resist.
* * * LOW HITPOINT WARNING * * *
The orc warrior explodes!
The fiery explosion engulfs you. You resist.
You die...

.....########
##.....###.#.8#..#
...### ##......#
.####.### .###
###.8.8..## ..# #
..#
###.....)...###
### # .##
##...##'')##...##
# ..#
#..###..)))###..#
.## #.## #8.§§8#
##.# ## #.#
##§§§## #.# #.#
#○@§# #.#
#.#...§°°§§...#.#
#.#...#§§§#§..#.#
#.#####o8o#####.#
## #.# #o3o# #.#
#. #.# '.o.' #.#
## #.# #...#. #.#
### #.## #...#
##.######.## #..#
#..#.#.#...#


You could see Saint Roka (inner flame), an orc high priest (inner flame,
strong), a sixfirhy (summoned, inner flame), 2 orc warriors and an orc (inner
flame, strong).

Vanquished Creatures
  Gastronok (Lair:1)
  Kirke (Lair:3)
  An orc warlord (Orc:1)
  A minotaur (Gauntlet)
  Nessos (Lair:4)
  Snorg (Orc:1)
  Harold (D:9)
  4 hydras
  Erica (Lair:2)
  2 boulder beetles
  9 death yaks
  5 two-headed ogres
  3 thrashing horrors (Lair:5)
  Sonja (Lair:1)
  A skyshark (Lair:3)
  2 sixfirhies (Gauntlet)
  2 glowing orange brains (Gauntlet)
  A bog body (Lair:2)
  An orc knight (Orc:2)
  2 ugly things (Gauntlet)
  4 orc sorcerers
  2 oklob plants (Lair:1)
  A salamander (Volcano)
  4 elephants (Lair:5)
  2 black mambas
  A molten gargoyle (Lair:2)
  2 smoke demons (Lair:5)
  A torpor snail (Lair:4)
  5 cane toads
  Maggie (D:8)
  An unseen horror (D:10)
  2 gargoyles
  3 rime drakes
  7 komodo dragons
  An ancient zyme (Lair:5)
  5 trolls
  Prince Ribbit (D:7)
  3 polar bears
  3 hornets
  19 blink frogs (Lair:5)
  2 dream sheep (Lair:4)
  4 slime creatures (D:9)
  2 large abominations (Lair:5)
  2 spriggans (Lair:5)
  A ynoxinul (Lair:5)
  31 yaks
  A shadow (D:11)
  5 fire bats
  2 wyverns
  8 basilisks
  2 chaos spawn (Lair:5)
  4 wargs
  A naga (shapeshifter) (Lair:5)
  An acid dragon (D:11)
  8 small abominations (Lair:5)
  18 water moccasins
  A hell hound (Volcano)
  7 ice beasts
  32 orc warriors
  A sky beast (D:6)
  11 wolves
  9 ogres
  5 centaurs
  A phantom (D:7)
  Blork the orc (D:6)
  4 gnoll sergeants
  3 kobold brigands
  11 bullfrogs
  A scorpion (D:5)
  4 wights (D:9)
  6 killer bees (D:8)
  3 howler monkeys
  2 electric eels (Lair:4)
  5 hounds
  2 jellies
  17 orc priests
  A gnoll bouda (D:7)
  4 iguanas
  22 orc wizards
  2 sleepcaps (D:5)
  7 hell rats (Lair:3)
  7 adders
  18 gnolls
  2 shadow imps
  A white imp (D:6)
  3 ufetubi
  3 worms
  A dart slug (D:4)
  58 orcs
  2 bats (D:2)
  4 endoplasms
  5 giant cockroaches
  9 goblins
  11 hobgoblins
  24 kobolds
  8 quokkas
  8 ball pythons
  5 frilled lizards
  7 rats
539 creatures vanquished.

Vanquished Creatures (others)
  An orc wizard (Orc:2)
  21 fungi
  22 plants
44 creatures vanquished.

Grand Total: 583 creatures vanquished

Notes
Turn   | Place    | Note
-------+----------+-------------------------------------------
     0 | D:1      | Pooter the Minotaur Berserker began the quest for the Orb.
     0 | D:1      | Reached XP level 1. HP: 19/19 MP: 0/0
   195 | D:1      | Reached XP level 2. HP: 24/27 MP: 1/1
   431 | D:1      | Found Hukhiv's Weapon Shoppe.
   468 | D:1      | Reached ** piety under Trog
   679 | D:2      | Reached XP level 3. HP: 33/33 MP: 2/2
   975 | D:2      | Reached skill level 5 in Axes
  1419 | D:3      | Reached skill level 1 in Ranged Weapons
  1419 | D:3      | Reached XP level 4. HP: 34/41 MP: 3/3
  1422 | D:3      | Reached skill level 1 in Maces & Flails
  1922 | D:4      | Found a hazy altar of Hepliaklqana.
  1938 | D:4      | Reached *** piety under Trog
  1973 | D:4      | Reached XP level 5. HP: 47/47 MP: 4/4
  2045 | D:4      | Found a sacrificial altar of Ru.
  2092 | D:4      | Found a shadowy altar of Dithmenos.
  2218 | D:4      | Reached skill level 2 in Ranged Weapons
  2404 | D:5      | Entered Level 5 of the Dungeon
  2825 | D:5      | Reached XP level 6. HP: 55/55 MP: 5/5
  2877 | D:5      | Reached skill level 5 in Fighting
  2877 | D:5      | Reached skill level 3 in Ranged Weapons
  3298 | D:5      | Noticed an ice beast
  3305 | D:5      | Killed an ice beast
  3379 | D:5      | Reached XP level 7. HP: 61/61 MP: 6/6
  3473 | D:6      | Noticed Blork the orc
  3480 | D:6      | Killed Blork the orc
  3481 | D:6      | Reached skill level 4 in Ranged Weapons
  3710 | D:6      | Reached skill level 5 in Ranged Weapons
  4013 | D:6      | Identified the +8 long sword "Xinlorir" {pain, rPois Will+
                  | Str-2}
  4073 | D:5      | Reached XP level 8. HP: 53/70 MP: 7/7
  4283 | D:6      | Reached skill level 6 in Ranged Weapons
  4463 | D:7      | Found a staircase to the Ecumenical Temple.
  4475 | D:7      | Noticed Prince Ribbit
  4484 | D:7      | Killed Prince Ribbit
  4484 | D:7      | Reached **** piety under Trog
  4655 | D:7      | Reached skill level 7 in Ranged Weapons
  4838 | D:7      | Reached XP level 9. HP: 79/79 MP: 8/8
  4870 | D:7      | Reached skill level 10 in Axes
  5503 | D:8      | Reached skill level 8 in Ranged Weapons
  5506 | D:8      | Reached skill level 1 in Evocations
  5661 | D:8      | Noticed a gargoyle
  5665 | D:8      | Killed a gargoyle
  5680 | D:8      | Reached skill level 5 in Maces & Flails
  5684 | D:8      | Reached skill level 9 in Ranged Weapons
  5692 | D:8      | Noticed Maggie
  5703 | D:8      | Killed Maggie
  5704 | D:8      | Reached XP level 10. HP: 90/90 MP: 9/9
  6183 | D:9      | Noticed Harold
  6199 | D:9      | Killed Harold
  6381 | D:9      | Reached skill level 10 in Ranged Weapons
  6805 | D:9      | Reached XP level 11. HP: 97/97 MP: 10/10
  6806 | D:9      | Found a staircase to the Lair.
  7356 | D:10     | Entered Level 10 of the Dungeon
  7391 | D:10     | Found a hide-covered altar of Uskayaw.
  7498 | D:10     | Reached skill level 11 in Ranged Weapons
  7885 | D:10     | Noticed a two-headed ogre
  7889 | D:10     | Killed a two-headed ogre
  8131 | D:10     | Noticed a two-headed ogre
  8136 | D:10     | Killed a two-headed ogre
  8137 | D:10     | Reached skill level 10 in Fighting
  8222 | D:10     | Upgraded the game from 0.30-a0-883-g5ad918d77d to
                  | 0.30-a0-900-g23479c02f2
  8304 | Lair:1   | Entered Level 1 of the Lair of Beasts
  8317 | Lair:1   | Noticed Sonja
  8320 | Lair:1   | Killed Sonja
  8394 | Lair:1   | Reached skill level 5 in Evocations
  8592 | Lair:1   | Noticed Gastronok
  8607 | Lair:1   | Killed Gastronok
  8608 | Lair:1   | Reached skill level 12 in Ranged Weapons
  8680 | Lair:1   | Found a blossoming altar of Fedhas.
  8683 | Lair:1   | Noticed an oklob plant
  8685 | Lair:1   | Noticed an oklob plant
  8691 | Lair:1   | Killed an oklob plant
  8744 | Lair:1   | Killed an oklob plant
  8823 | Lair:1   | HP: 3/101 [yak (8)]
  9064 | Lair:1   | Noticed a boulder beetle
  9078 | Lair:1   | Killed a boulder beetle
  9079 | Lair:1   | Reached XP level 12. HP: 108/108 MP: 11/11
  9379 | Lair:2   | Found a large runed translucent door.
  9379 | Lair:2   | Found a large runed translucent door.
  9381 | Lair:2   | Noticed Parcival's ghost (journeyman MiFi)
  9451 | Lair:2   | Found a hole to the Spider Nest.
  9529 | Lair:2   | Identified the +7 chain mail "Veoman" {-Tele Fly Str+2
                  | Int+2}
  9764 | Lair:2   | Noticed Erica
  9772 | Lair:2   | Killed Erica
  9912 | Lair:2   | Found a staircase to the Swamp.
 10215 | Lair:3   | Reached skill level 13 in Ranged Weapons
 10252 | Lair:3   | Found a gate leading to a gauntlet.
 10266 | Lair:3   | Noticed Kirke
 10269 | Gauntlet | Entered a Gauntlet
 10269 | Gauntlet | Found a transporter.
 10271 | Gauntlet | Noticed a death scarab
 10282 | Gauntlet | Noticed a death scarab
 10293 | Gauntlet | Found a transporter.
 10325 | Gauntlet | Found a transporter.
 10325 | Gauntlet | Found a transporter.
 10334 | Gauntlet | Noticed a catoblepas
 10409 | Gauntlet | Found a transporter.
 10409 | Gauntlet | Found a transporter.
 10414 | Gauntlet | Identified the +2 cloak "Uczoat" {rF++ Int+3}
 10445 | Gauntlet | Noticed a minotaur
 10455 | Gauntlet | Killed a minotaur
 10492 | Gauntlet | Identified the ring "Vaja" {Fly rN+ Str+6 Int+2}
 10492 | Gauntlet | Identified the ring of Activism {Fly rN+ Str+6 Dex-2}
 10605 | Lair:3   | Killed Kirke
 10628 | Lair:3   | Noticed a four-headed hydra
 10637 | Lair:3   | Killed a four-headed hydra
 10638 | Lair:3   | Reached skill level 10 in Maces & Flails
 10824 | Lair:3   | Noticed a five-headed hydra
 10835 | Lair:3   | Killed a five-headed hydra
 10837 | Lair:3   | Reached skill level 14 in Ranged Weapons
 10839 | Lair:3   | Reached XP level 13. HP: 117/117 MP: 12/12
 12140 | Lair:4   | Noticed Nessos
 12150 | Lair:4   | Killed Nessos
 12491 | Lair:5   | Entered Level 5 of the Lair of Beasts
 12618 | Lair:5   | Reached skill level 15 in Ranged Weapons
 12679 | Lair:5   | Found a viscous altar of Jiyva.
 12679 | Lair:5   | Found a staircase to the Slime Pits.
 14179 | Lair:5   | Reached XP level 14. HP: 127/127 MP: 13/13
 14525 | Lair:5   | Found a corrupted altar of Lugonu.
 14525 | Lair:5   | Found a one-way gate to the infinite horrors of the Abyss.
 14530 | Lair:5   | Identified the +2 scale mail of Ynecwaes {rPois rC+}
 15118 | D:11     | Found a glowing golden altar of the Shining One.
 15182 | D:11     | Found a staircase to the Orcish Mines.
 15188 | Orc:1    | Entered Level 1 of the Orcish Mines
 15213 | Orc:1    | Noticed an orc warlord
 15225 | Orc:1    | Killed an orc warlord
 15305 | Orc:1    | Reached ***** piety under Trog
 15306 | Orc:1    | Reached skill level 16 in Ranged Weapons
 15317 | Orc:1    | Found a dark tunnel.
 15346 | Volcano  | Entered a volcano
 15855 | Orc:2    | Entered Level 2 of the Orcish Mines
 15878 | Orc:1    | Noticed Snorg
 15885 | Orc:1    | Killed Snorg
 16759 | Orc:2    | Found Toik's Antique Weapon Boutique.
 17117 | Orc:2    | Found a staircase to the Elven Halls.
 17144 | Orc:2    | Found a radiant altar of Vehumet.
 17384 | Orc:2    | Found Imagreik's Armour Emporium.
 17473 | Orc:2    | Noticed Saint Roka
 17489 | Orc:2    | HP: 3/193 [spore (14)]
 17489 | Orc:2    | Killed by an exploding orc warrior... ignited by their
                  | inner flame

Illustrated notes

Levels and vault maps discovered:
D:1:      tarquinn_simple_flora_water_d, layout_basic, serial_shops,
          shop_fountains
D:2:      layout_basic, serial_corexii_hall, chequers_hall_statues_corner_a,
          chequers_hall_statues_wall_a, minmay_goblin_kobold_house
D:3:      cheibrodos_pilgrimage, layout_loops_ring
D:4:      layout_cave_pools, mainiacjoe_overflow_small_starburst,
          grunt_dithmenos_smoke, mainiacjoe_overflow_concentric_impassable,
          minmay_cupped
D:5:      layout_basic
D:6:      layout_gridville, kennysheep_generic_room_16, uniq_blork_the_orc
D:7:      layout_loops_cross, temple_fountains, hangedman_decor_clover_reticule,
          uniq_prince_ribbit1
D:8:      layout_basic, uniq_maggie
D:9:      layout_loops_ring, hellmonk_lair_entry_icy, uniq_harold
D:10:     layout_loops_ring, lemuel_crystal_altar, grunt_decor_fettered,
          st_stairs_12, grunt_ogre_cave
D:11:     layout_cave_pools, orc_0_dummy, minmay_misc_feat_secret_circle,
          nicolae_tso_swordbearing_angel
Lair:1:   layout_roguey, hangedman_tree_tricks, grunt_megastairs_5,
          uniq_gastronok, uniq_sonja
Lair:2:   layout_gridlike, skrybe_swamp_entry_bodies,
          spider_nest_entry_web_field, ebering_ghost_disaster_area, uniq_erica
Lair:3:   layout_layer_cave, gauntlet_entry_generic, uniq_kirke
Lair:4:   layout_gridlike, serial_bayou_shore_a, uniq_nessos
Lair:5:   hellmonk_lair_end_abyssal_woods, layout_long_grid,
          dpeg_slime_entry_enclosed
Orc:1:    layout_diamond_mine, nicolae_volcano_entry_batcave, uniq_snorg
Orc:2:    grunt_orc_community_town_hall, layout_diamond_mine,
          grunt_orc_community_big_house_2, grunt_orc_community_big_house_1,
          grunt_orc_community_house_2, grunt_orc_community_house_1,
          grunt_orc_community_house_2, grunt_orc_community_house_2,
          grunt_orc_community_house_2, basic_altar

Skill      XL: |  1  2  3  4  5  6  7  8  9 10 11 12 13 14 |
---------------+-------------------------------------------+-----
Axes           | 4 5 6 8 9 10 11 12 | 12.9
Fighting       | 4 5 6 7 8 9 10 11 12 13 | 13.6
Ranged Weapons | 1 2 3 5 7 9 10 12 14 15 16 | 16.4
Maces & Flails | 1 2 5 7 10 12 14 | 14.2
Evocations     | 2 4 5 6 8 |  8.9
Armour         | |  2.4
Dodging        | |  2.1

Action                     |  1- 3 |  4- 6 |  7- 9 | 10-12 | 13-15 || total
---------------------------+-------+-------+-------+-------+-------++-------
  Melee: Hand axe          |    51 |    32 |    20 |       |       ||   103
         Headbutt          |    12 |    11 |    26 |    87 |    84 ||   220
         Flail             |    33 |    37 |       |       |       ||    70
         Dire flail        |       |       |   178 |   144 |   382 ||   704
         Punch             |       |       |     1 |     3 |       ||     4
         War axe           |       |       |       |   236 |       ||   236
   Fire: Sling             |       |    80 |     8 |       |       ||    88
         Shortbow          |       |       |    33 |    51 |    21 ||   105
         Longbow           |       |       |       |       |   178 ||   178
         Arbalest          |       |       |       |       |   172 ||   172
  Throw: Dart              |     1 |       |       |    23 |    40 ||    64
 Invoke: Berserk           |     1 |     1 |     6 |     8 |     8 ||    24
         Trog's Hand       |     1 |       |     7 |    23 |    18 ||    49
  Evoke: Wand              |       |       |    14 |     7 |    12 ||    33
    Use: Scroll            |     5 |     2 |     7 |    15 |     4 ||    33
         Potion            |       |       |     1 |     1 |     1 ||     3
   Stab: Paralysed         |       |       |     4 |     4 |     3 ||    11
 Armour: Animal skin       |     2 |       |       |       |       ||     2
         Scale mail        |    10 |       |       |       |       ||    10
         Ring mail         |     2 |    19 |     1 |       |       ||    22
         Chain mail        |       |       |    81 |   135 |   244 ||   460
         Plate armour      |       |       |       |       |     1 ||     1
  Dodge: Dodged            |    74 |    76 |   166 |   230 |   326 ||   872

Table legend: (Time is in decaauts)
 A = Elapsed time spent in this place.
 B = Non-inter-level travel time spent in this place.
 C = Inter-level travel time spent in this place.
 D = Time resting spent in this place.
 E = Time spent auto-exploring this place.
 F = Levels seen in this place.
 G = Mean time per level.
                   A        B        C        D        E       F      G
               +--------+--------+--------+--------+--------+-----+--------+
         Total |  17534 |  16959 |    575 |   3752 |   9323 |  20 |  876.7 |
       Dungeon |   8739 |   8355 |    384 |   1216 |   5325 |  11 |  794.5 |
          Lair |   6209 |   6045 |    164 |   1796 |   3120 |   5 | 1241.8 |
  Orcish Mines |   1831 |   1804 |     27 |    610 |    669 |   2 |  915.5 |
       Volcano |    421 |    421 |      0 |     47 |    111 |   1 |  421.0 |
      Gauntlet |    332 |    332 |      0 |     82 |     98 |   1 |  332.0 |
               +--------+--------+--------+--------+--------+-----+--------+

Top non-repeatable levels by time:
  Lair:5: 2293 daAuts
     D:5: 1290 daAuts
     D:9: 1226 daAuts
  Lair:3: 1198 daAuts
  Lair:1: 1052 daAuts
   Orc:1: 943 daAuts
    D:10: 942 daAuts
     D:7: 921 daAuts
   Orc:2: 887 daAuts
  Lair:4: 856 daAuts
     D:8: 829 daAuts
     D:6: 813 daAuts
  Lair:2: 807 daAuts
     D:3: 754 daAuts
     D:2: 609 daAuts
